 Dungeon Crawl Stone Soup version 0.31-a0-744-gbc345e7fcb (webtiles) character file.

Game seed: 9208168686138823449

4543 GigaChad the Cleaver (level 10, -5/77 HPs)
             Began as a Formicid Fighter on Sept 13, 2023.
             Was an Initiate of the Shining One.
             Slain by a gnoll
             ... wielding a +0 spear
              (8 damage)
             ... on level 8 of the Dungeon.
             The game lasted 00:08:26 (6132 turns).

GigaChad the Cleaver (Formicid Fighter)             Turns: 6132, Time: 00:08:26

Health: -5/77      AC: 19    Str: 27    XL:     10   Next: 67%
Magic:  10/10      EV: 12    Int:  9    God:    the Shining One [......]
Gold:   400        SH:  6    Dex: 13    Spells: 9/9 levels left

rFire   + . .        F - +0 battleaxe (heavy)
rCold   x x .        c - +0 buckler
rNeg    . . .        G - +0 plate armour
rPois   .            (helmet unavailable)
rElec   +            e - +1 cloak of Ikecsext {Harm rElec rC- Slay+5}
rCorr   .            q - +2 pair of gloves {Str+3}
SInv    +            (no boots)
Will    +....        (no amulet) Stlth
                     w - ring of fire
HPRegen 0.32/turn    i - +5 ring of evasion
MPRegen 0.12/turn

%: harm (+30% outgoing, +20% incoming)
@: glowing
A: permanent stasis, dig shafts and tunnels, antennae 3, four strong arms
a: Dig, Shaft Self, Renounce Religion


You were on level 8 of the Dungeon.
You worshipped the Shining One.
The Shining One was noncommittal.
You visited 1 branch of the dungeon, and saw 8 of its levels.
You also visited: Ossuary.

You collected 400 gold pieces.

Inventory:

Hand Weapons
 F - a +0 heavy battleaxe (weapon)
Armour
 b - a +1 scale mail
 c - a +0 buckler (worn)
 e - the +1 cloak of Ikecsext (worn) {Harm rElec rC- Slay+5}
   (You acquired it on level 1 of the Dungeon)

   Slay+5:    It affects your accuracy & damage with ranged weapons and melee
   (+5).
   rC-:       It makes you vulnerable to cold.
   rElec:     It insulates you from electricity.
   Harm:      It increases damage dealt and taken.
 g - a +0 chain mail
 q - a +2 pair of gloves of strength (worn)
 G - a +0 plate armour (worn)
Jewellery
 i - a +5 ring of evasion (right hand)
 w - a ring of fire (left hand)
Talismans
 m - a serpent talisman
 v - a serpent talisman
Wands
 s - a wand of polymorph (6)
 E - a wand of mindburst (15)
 I - a wand of flame (33)
Scrolls
 n - 4 scrolls of revelation
 o - 3 scrolls of identify
 y - 2 scrolls of blinking
 B - a scroll of fear
 C - 2 scrolls of poison
Potions
 d - 2 potions of might
 f - 10 potions of curing
 h - 3 potions of brilliance {unknown}
 j - a potion of magic {unknown}
 k - 2 potions of heal wounds {unknown}
 l - 4 potions of haste {unknown}
 p - a potion of resistance {unknown}
 r - a potion of berserk rage {unknown}
 t - 2 potions of enlightenment {unknown}
 u - 2 potions of attraction {unknown}
 x - 3 potions of degeneration {unknown}
 z - a potion of lignification {unknown}
 A - 2 potions of cancellation {unknown}
 D - a potion of ambrosia {unknown}
 H - a potion of mutation {unknown}


   Skills:
 * Level 6.9 Fighting
 * Level 10.4 Axes
 * Level 7.8 Armour
 * Level 7.6 Shields
 * Level 4.4 Shapeshifting


You had 9 spell levels left.
You didn't know any spells.
Your spell library contained the following spells:

 Spells                   Type           Power      Damage    Failure   Level
 Ensorcelled Hibernation  Hex/Ice        0%         N/A       100%        2
 Gell's Gravitas          Tloc           0%         N/A       100%        3
 Ozocubu's Armour         Ice            0%         N/A       100%        3
 Teleport Other           Tloc           0%         N/A       100%        3
 Anguish                  Hex/Necr       0%         N/A       100%        4
 Cause Fear               Hex            0%         N/A       100%        4
 Dispersal                Tloc           0%         N/A       100%        6
 Simulacrum               Ice/Necr       0%         N/A       100%        6
 Enfeeble                 Hex            0%         N/A       100%        7
 Polar Vortex             Ice            0%         N/A       100%        9


Dungeon Overview and Level Annotations

Branches:
Dungeon (8/15)             Temple (0/1) D:5         Ossuary (visited)
   Lair: D:8-11

Altars:
Ashenzari
Fedhas
Gozag
Ru
Sif Muna
Zin
The Shining One

Shops:
D:2 :

Annotations:
D:4 1 transporter, soul19's ghost, amateur GnSh
D:8 Gastronok


Innate Abilities, Weirdness & Mutations

You cannot be hasted, slowed, berserked, paralysed or teleported.
You can dig through walls and to a lower floor.
You have a pair of large antennae on your head. (SInv)
Your four strong arms can wield two-handed weapons with a shield.


Message History

Unknown command.
You are too injured to fight recklessly!
Unknown command.
Unknown command.
You slash the two-headed ogre!
The two-headed ogre is severely wounded.
The centaur shoots an arrow.
The arrow hits you! You block the two-headed ogre's attack.
The two-headed ogre misses you.
Unknown command.
You slash the two-headed ogre!
You kill the two-headed ogre!
You slice the centaur!!
You kill the centaur!
Unknown command.
Gastronok the Ponderous comes into view.
He is wearing a +1 hat of stealth.
Things that are here:
a +0 giant club; a +0 dire flail; a howler monkey corpse Gastronok casts a spell at you.
Your stasis prevents you from being slowed.
Unknown command.
Found an opulent altar of Gozag.
Unknown command.
A gnoll comes into view. It is wielding a +0 spear.
The gnoll shouts!
You hear an angry hiss.
You hit Gastronok.
Gastronok is lightly wounded.
Gastronok misses you.
Unknown command.
You slice Gastronok like a ripe choko!!!
Gastronok is heavily wounded.
You hear a shout!
Gastronok gurgles.
Gastronok bites you!!
* * * LOW HITPOINT WARNING * * *
Unknown command.
You hit Gastronok.
Gastronok is heavily wounded.
A gnoll comes into view.
It is wielding a +0 halberd of distortion.
The gnoll hits you from afar with a +0 spear!
You die...

#..... ....#####
#....###........
##....#<.........
......##..........####
#....).......(.......
####.)))........ #. .
#..............:###.
....###..........)......
g....gw@....)...........
....##..................
.. #.....#.##########.
##......# #. #......#
#... #........ #.##
'........ ... #
#........ ... ##


You could see Gastronok and 2 gnolls.

Vanquished Creatures
  A two-headed ogre (D:8)
  2 kobold demonologists (D:7)
  A hornet (D:8)
  4 water moccasins
  A sky beast (D:7)
  2 orc warriors
  A black bear (D:4)
  An ogre (D:4)
  A centaur (D:8)
  2 phantoms (D:5)
  5 kobold brigands
  3 bullfrogs
  5 water moccasin zombies (Ossuary)
  4 scorpions
  9 killer bees (D:7)
  An electric eel (D:7)
  A howler monkey (D:8)
  4 hounds
  2 gnoll boudas
  An orc priest (D:7)
  2 iguanas
  3 orc wizards
  2 mummies (Ossuary)
  12 gnolls
  5 adders
  2 white imps
  2 ufetubi
  4 adder zombies (Ossuary)
  A worm (D:2)
  A dart slug (D:1)
  12 orcs
  6 endoplasms
  3 giant cockroaches
  8 goblins
  4 hobgoblins
  10 jackals
  12 kobolds
  4 quokkas
  8 ball pythons
  7 bats
  2 frilled lizards (D:1)
  6 gnoll zombies (Ossuary)
  2 goblin zombies (D:5)
  4 hobgoblin zombies (Ossuary)
  4 kobold zombies (Ossuary)
  2 orc zombies (Ossuary)
  7 rats
186 creatures vanquished.

Notes
Turn   | Place    | Note
-------+----------+-------------------------------------------
     0 | D:1      | GigaChad the Formicid Fighter began the quest for the Orb.
     0 | D:1      | Reached XP level 1. HP: 18/18 MP: 1/1
   116 | D:1      | Reached XP level 2. HP: 24/24 MP: 2/2
   276 | D:1      | Reached XP level 3. HP: 22/29 MP: 3/3
   719 | D:1      | Identified a scroll of acquirement
   719 | D:1      | Acquired the +1 cloak of Ikecsext {Harm rElec rC- Slay+5}
   979 | D:2      | Found Cenliuvoqo's Vocational Training.
  1000 | D:2      | Reached XP level 4. HP: 37/37 MP: 4/4
  1260 | D:2      | Reached skill level 3 in Axes
  1768 | D:3      | Reached XP level 5. HP: 36/42 MP: 5/5
  1980 | D:3      | Found a shimmering blue altar of Sif Muna.
  2207 | D:4      | Noticed a black bear
  2216 | D:4      | Killed a black bear
  2217 | D:4      | Reached skill level 4 in Axes
  2217 | D:4      | Reached XP level 6. HP: 43/48 MP: 6/6
  2222 | D:4      | Reached skill level 5 in Shields
  2289 | D:4      | Reached skill level 1 in Shapeshifting
  2304 | D:4      | Noticed an ogre
  2310 | D:4      | Killed an ogre
  2311 | D:4      | Reached skill level 5 in Axes
  2311 | D:4      | Reached XP level 7. HP: 54/54 MP: 7/7
  2320 | D:4      | Found a transporter.
  2322 | D:4      | Noticed soul19's ghost (amateur GnSh)
  2356 | D:4      | Reached skill level 5 in Armour
  2668 | D:5      | Entered Level 5 of the Dungeon
  2713 | D:5      | Found a sand-covered staircase.
  2734 | Ossuary  | Entered an ossuary
  2791 | Ossuary  | Reached skill level 6 in Axes
  2791 | Ossuary  | Reached XP level 8. HP: 61/61 MP: 8/8
  2960 | D:5      | Reached skill level 7 in Axes
  3012 | D:5      | Found a glowing silver altar of Zin.
  3331 | D:5      | Reached skill level 5 in Fighting
  3402 | D:5      | Found a staircase to the Ecumenical Temple.
  3687 | D:6      | Reached XP level 9. HP: 61/68 MP: 9/9
  3755 | D:6      | Found a broken altar of Ashenzari.
  3777 | D:6      | Found a blossoming altar of Fedhas.
  3793 | D:6      | Got the Elucidation of Snow
  3808 | D:6      | Reached skill level 8 in Axes
  4035 | D:6      | Identified the +0 robe of Twilight {rPois}
  4361 | D:7      | Found a sacrificial altar of Ru.
  4625 | D:7      | Identified the +1 leather armour of the Four Moons {Will+}
  5007 | D:7      | Reached skill level 9 in Axes
  5128 | D:7      | Noticed a kobold demonologist
  5129 | D:7      | Noticed a kobold demonologist
  5139 | D:7      | Noticed an orange demon
  5142 | D:7      | Killed a kobold demonologist
  5143 | D:7      | Reached XP level 10. HP: 47/76 MP: 10/10
  5145 | D:7      | Noticed a rust devil
  5147 | D:7      | You fall into a shaft and drop 1 floor!
  5816 | D:7      | Killed a kobold demonologist
  5817 | D:7      | Reached skill level 10 in Axes
  5977 | D:7      | Found a glowing golden altar of the Shining One.
  5985 | D:7      | Became a worshipper of the Shining One
  6116 | D:8      | Noticed a two-headed ogre
  6123 | D:8      | Killed a two-headed ogre
  6124 | D:8      | Noticed Gastronok
  6128 | D:8      | Found an opulent altar of Gozag.
  6131 | D:8      | HP: 2/77 [Gastronok (27)]
  6132 | D:8      | Slain by a gnoll

Illustrated notes

Levels and vault maps discovered:
D:1:      amcnicky_arrival_choice, layout_loops_ring, hangedman_decor_growths,
          minmay_misc_feat_five, minmay_bisected
D:2:      layout_loops_ring, serial_bayou_pond_e, nicolae_shop_vocational
D:3:      layout_basic, marbit_many_paths
D:4:      layout_rooms, gammafunk_ghost_mausoleum, serial_bayou_pond_b
D:5:      cheibrodos_helix_gallery, layout_loops_corners,
          mainiacjoe_overflow_small_starburst, minmay_temple_entry_junction,
          enter_ossuary_4, st_stairs_9
D:6:      layout_loops_ring, evilmike_ruin_ashenzari, fedhas_ov_isle_minmay
D:7:      layout_basic, mainiacjoe_overflow_brackets, old_standard_altar,
          dk_noncrumbling_3, grunt_decor_fettered,
          chequers_serial_rivers_large_b, serial_bayou_lagoon_a, eino_jars
D:8:      layout_basic, grunt_gozag_statues, uniq_gastronok

Skill      XL: |  1  2  3  4  5  6  7  8  9 10 |
---------------+-------------------------------+-----
Axes           | 3 4 5 6 7 9 10 | 10.4
Armour         | 4 5 6 7 |  7.8
Fighting       | 4 5 6 |  6.9
Shields        | 5 6 7 |  7.6
Shapeshifting  | 1 2 3 4 |  4.4

Action                     |  1- 3 |  4- 6 |  7- 9 | 10-12 || total
---------------------------+-------+-------+-------+-------++-------
  Melee: War axe           |    72 |    65 |   147 |       ||   284
         Battleaxe         |       |       |    31 |    44 ||    75
Ability: Dig               |       |       |     1 |       ||     1
         Shaft Self        |       |       |       |     1 ||     1
    Use: Scroll            |     4 |     4 |     8 |       ||    16
 Armour: Scale mail        |    57 |    35 |       |       ||    92
         Chain mail        |       |    20 |    78 |       ||    98
         Plate armour      |       |       |    56 |    58 ||   114
  Dodge: Dodged            |    39 |    55 |   127 |    45 ||   266
  Block: Buckler           |    22 |    23 |    59 |    22 ||   126

Table legend: (Time is in decaauts)
 A = Elapsed time spent in this place.
 B = Non-inter-level travel time spent in this place.
 C = Inter-level travel time spent in this place.
 D = Time resting spent in this place.
 E = Time spent auto-exploring this place.
 F = Levels seen in this place.
 G = Mean time per level.
                   A        B        C        D        E       F      G
               +--------+--------+--------+--------+--------+-----+--------+
         Total |   6362 |   6120 |    242 |    389 |   4431 |   9 |  706.9 |
       Dungeon |   6183 |   5941 |    242 |    389 |   4365 |   8 |  772.9 |
       Ossuary |    178 |    178 |      0 |      0 |     66 |   1 |  178.0 |
               +--------+--------+--------+--------+--------+-----+--------+

Top non-repeatable levels by time:
     D:7: 1688 daAuts
     D:5: 849 daAuts
     D:3: 786 daAuts
     D:1: 766 daAuts
     D:2: 698 daAuts
     D:6: 688 daAuts
     D:4: 477 daAuts
     D:8: 229 daAuts
 Ossuary: 178 daAuts
